Admirals vs Senators
(R1)
Created - December 29, 2021 at 09:12
Goals
|
| Admirals |
4 |
3 |
1 |
8 |
| Senators |
0 |
2 |
1 |
3 |
|
Shots
|
| Admirals |
11 |
13 |
15 |
39 |
| Senators |
8 |
9 |
15 |
32 |
|
1st period
1. Admirals , Blake Geoffrion 3 (T.J Brodie 7) at 4:23
2. Admirals , Nicolas Kerdiles 9 (Markus Granlund 2, T.J Brodie 8) at 5:29
3. Admirals , Blake Geoffrion 4 (Josh Morrissey 4, Anton Gustafsson 4) at 8:14
4. Admirals , Nicolas Kerdiles 10 (Markus Granlund 3) at 11:54
Penalties :
Joel Armia (Mil) for Tripping (Minor) at 0:22, Travis Dermott (Mil) for Tripping (Minor) at 14:08, Mattias Backman (Mil) for Boarding (Minor) at 19:19
2nd period
5. Senators , Oliver Bjorkstrand 3 (Jordan Schroeder 6) at 3:02
6. Admirals , Freddie Hamilton 2 (Riley Barber 4, Nicolas Deslauriers 3) at 3:57
7. Admirals , Markus Granlund 2 (Nicolas Kerdiles 7, Josh Morrissey 5) at 13:00
8. Senators , Jordan Schroeder 3 (Oliver Bjorkstrand 4) at 13:30
9. Admirals , Nicolas Kerdiles 11 (Markus Granlund 4) at 16:05
Penalties :
Josh Morrissey (Mil) for Hooking (Minor) at 4:46, Adam Ollas-Mattsson (Bel) for Hooking (Minor) at 7:06, Grant Besse (Bel) for High sticking (Minor) at 9:57, Tomas Jurco (Bel) for Fighting (Major) at 13:24, Josh Morrissey (Mil) for Fighting (Major) at 13:24
3rd period
10. Admirals , Lucas Wallmark 1 (Mattias Backman 2, Hunter Shinkaruk 2) at 8:56
11. Senators , Zemgus Girgensons 4 (Jordan Schroeder 7) at 9:23
Penalties :
Nicolas Kerdiles (Mil) for Kneeing (Minor) at 5:06, Jack Dougherty (Bel) for Diving (Minor) at 9:49
Goalie Stats
Felix Sanstrom (Mil), 29 saves from 32 shots - (0.906), W, 3-0-0, 60:00 minutes
Sami Aittokallio (Bel), 4 saves from 8 shots - (0.500), L, 3-4-0, 11:54 minutes
Scott Wedgewood (Bel), 27 saves from 31 shots - (0.871), 48:06 minutes
Players Stats for Admirals
Player Name G A P +/- PIM S H SB GA TA FO MP PP MP PK MP
------------------------------------------------------------------------------------
Andreas Englund 0 0 0 3 0 1 0 1 0 1 0/0 16:41 1:24 3:34
Anton Gustafsson 0 1 1 2 0 1 2 0 0 0 4/8 14:32 2:44 0:51
Blake Geoffrion 2 0 2 2 0 5 2 0 0 0 1/1 15:03 2:44 1:20
Christian Djoos 0 0 0 0 0 0 0 4 0 0 0/0 9:21 0:31 0:00
Freddie Hamilton 1 0 1 1 0 3 1 0 0 1 2/3 7:46 0:00 1:19
Hunter Shinkaruk 0 1 1 0 0 3 0 0 0 0 0/0 10:40 0:06 0:25
Joel Armia 0 0 0 2 2 2 3 0 0 0 0/1 18:39 3:07 0:00
Josh Morrissey 0 2 2 3 7 2 1 1 0 0 0/0 24:03 3:31 4:59
Josh Wesley 0 0 0 0 0 0 0 0 0 0 0/0 0:00 0:00 0:00
Kasper Bjorkqvist 0 0 0 0 0 2 0 1 0 0 1/3 10:15 0:06 0:00
Lucas Wallmark 1 0 1 0 0 1 1 0 0 1 2/7 9:58 0:00 0:00
Mark McNeill 0 0 0 2 0 1 3 0 0 0 1/2 17:29 2:44 2:48
Markus Granlund 1 3 4 2 0 4 3 1 0 0 22/40 24:21 3:07 5:39
Mattias Backman 0 1 1 2 2 3 1 6 0 0 0/0 25:02 2:38 3:53
Nicolas Deslauriers 0 1 1 1 0 2 0 0 0 0 0/1 10:15 0:00 2:48
Nicolas Kerdiles 3 1 4 2 2 6 1 1 0 1 3/5 23:21 3:07 4:40
Olli Juolevi 0 0 0 0 0 0 0 0 0 0 0/0 12:12 1:55 0:00
Riley Barber 0 1 1 1 0 1 0 0 0 0 0/0 6:44 0:06 0:00
T.J Brodie 0 2 2 0 0 2 2 0 0 0 0/0 19:04 1:55 6:21
Travis Dermott 0 0 0 2 2 0 0 1 0 0 0/0 7:27 0:00 0:00
Trevor Van Riemsdyk 0 0 0 0 0 0 0 0 0 0 0/0 7:06 0:00 1:03
Players Stats for Senators
Player Name G A P +/- PIM S H SB GA TA FO MP PP MP PK MP
------------------------------------------------------------------------------------
A.J. Jenks 0 0 0 -4 0 2 2 0 0 0 1/3 16:15 0:06 1:38
Adam Ollas-Mattsson 0 0 0 0 2 1 2 1 0 0 0/0 7:53 0:00 0:00
Anthony Richard 0 0 0 0 0 0 0 0 0 0 0/0 0:16 0:00 0:16
Arttu Ruotsalainen 0 0 0 0 0 0 0 0 0 0 0/0 0:00 0:00 0:00
Chandler Stephenson 0 0 0 -1 0 0 0 1 0 0 2/4 5:31 0:00 0:00
Christoph Bertschy 0 0 0 -1 0 5 1 0 0 0 11/26 22:07 5:19 3:21
Dmitry Sinitsyn 0 0 0 -2 0 2 1 1 0 0 0/0 22:29 5:06 3:36
Dylan Blujus 0 0 0 -3 0 0 3 1 1 0 0/0 21:14 4:49 2:21
Grant Besse 0 0 0 -4 2 1 1 1 0 0 0/0 14:01 0:06 0:00
Gustav Forsling 0 0 0 0 0 1 2 0 0 0 0/0 7:43 0:00 0:00
Jack Dougherty 0 0 0 -3 2 1 0 0 0 0 0/0 11:34 0:00 0:00
Jake Evans 0 0 0 0 0 0 0 0 0 0 0/0 0:00 0:00 0:00
Jonas Siegenthaler 0 0 0 0 0 0 0 2 0 0 0/0 18:20 4:49 2:21
Jordan Schroeder 1 2 3 0 0 2 2 1 0 0 13/20 18:44 4:30 0:58
Keegan Lowe 0 0 0 -2 0 2 1 0 0 0 0/0 22:29 5:06 3:36
Kevin Rooney 0 0 0 -4 0 2 0 1 0 0 6/12 13:08 0:00 0:00
Mason Geertsen 0 0 0 0 0 0 0 0 0 0 0/0 8:34 0:00 0:00
Oliver Bjorkstrand 1 1 2 1 0 2 1 0 0 0 0/1 17:19 4:30 0:00
Tomas Jurco 0 0 0 -1 5 4 4 1 0 0 2/2 19:46 5:19 0:00
Vitaly Abramov 0 0 0 -1 0 0 0 0 1 0 0/0 6:05 0:06 0:11
Zachary Sanford 0 0 0 0 0 4 1 1 1 0 0/3 21:14 5:19 3:21
Zemgus Girgensons 1 0 1 0 0 3 3 1 1 0 0/0 19:17 4:30 2:09
3 Stars
1 - Nicolas Kerdiles (Mil)
2 - Markus Granlund (Mil)
3 - Blake Geoffrion (Mil)
Power Play
Admirals - 0 on 3 Attempt(s) - 0.00%
Senators - 0 on 5 Attempt(s) - 0.00%
Penalty Kill
Admirals - 5 on 5 Attempt(s) - 100.00%
- Score 0 goal in Penalty Kill
Senators - 3 on 3 Attempt(s) - 100.00%
- Score 0 goal in Penalty Kill
Team Stat
Admirals - Hits : 20 - Faceoff Wins : 36 - Blocked Shots : 16 - Penalty Minutes : 15
Senators - Hits : 24 - Faceoff Wins : 35 - Blocked Shots : 12 - Penalty Minutes : 11
Official
Referees : Francis Charron and Peter MacDougall
Linesman : Steve Barton and Scott Cherrey
Game Notes
Scott Wedgewood enters game at 11:54 of 1st period
Travis Dermott is injured at 4:24 of 2nd period (Torn Left Knee Ligaments)
Josh Morrissey beats up Tomas Jurco at 13:24 of 2nd period
Nicolas Kerdiles has scored a Hat Trick!
Finance
Level 1 -- Attendance: 1955 (97.75%) -- Ticket Income $68,425
Level 2 -- Attendance: 1000 (100.00%) -- Ticket Income $15,000
Total Attendance: 2955 (98.50%)
Total Ticket Income: $83,425
Other Income: $4,171
Total Income: $87,596
Admirals
5 vs 5 Forward
Center Left Wing Right Wing Time % Phy DF OF
1 Markus Granlund Nicolas Kerdiles Joel Armia 40 1 2 2
2 Anton Gustafsson Blake Geoffrion Mark McNeill 30 1 2 2
3 Lucas Wallmark Hunter Shinkaruk Kasper Bjorkqvist 20 1 2 2
4 Freddie Hamilton Nicolas Deslauriers Riley Barber 10 1 2 2
5 vs 5 Defense
Defense Defense Time % Phy DF OF
1 Josh Morrissey Travis Dermott 40 1 2 2
2 Andreas Englund Mattias Backman 30 1 2 2
3 T.J Brodie Olli Juolevi 20 1 2 2
4 Christian Djoos Trevor Van Riemsdyk 10 1 2 2
PowerPlay Forward
Center Left Wing Right Wing Time % Phy DF OF
1 Markus Granlund Nicolas Kerdiles Joel Armia 60 1 1 3
2 Anton Gustafsson Blake Geoffrion Mark McNeill 40 1 1 3
PowerPlay Defense
Defense Defense Time % Phy DF OF
1 Josh Morrissey Travis Dermott 60 1 2 2
2 T.J Brodie Olli Juolevi 40 1 2 2
Penalty Kill 4 Players Forward
Center Wing Time % Phy DF OF
1 Markus Granlund Nicolas Kerdiles 60 1 2 2
2 Mark McNeill Nicolas Deslauriers 40 1 2 2
Penalty Kill 4 Players Defense
Defense Defense Time % Phy DF OF
1 Josh Morrissey T.J Brodie 60 1 3 1
2 Andreas Englund Mattias Backman 40 1 3 1
Penalty Kill - 3 Players Forward
Forward Time % Phy DF OF
1 Mark McNeill 60 1 2 2
2 Anton Gustafsson 40 1 2 2
Penalty Kill - 3 Players Defense
Defense Defense Time % Phy DF OF
1 Josh Morrissey Travis Dermott 60 1 3 1
2 Andreas Englund Mattias Backman 40 1 3 1
4 vs 4 Forward
Center Wing Time % Phy DF OF
1 Anton Gustafsson Nicolas Kerdiles 60 1 2 2
2 Mark McNeill Nicolas Deslauriers 40 1 2 2
4 vs 4 Defense
Defense Defense Time % Phy DF OF
1 Josh Morrissey Travis Dermott 60 1 2 2
2 Mattias Backman Olli Juolevi 40 1 2 2
Last Minutes Offensive
Center Left Wing Right Wing Defense Defense
Markus Granlund Nicolas Kerdiles Joel Armia Josh Morrissey Travis Dermott
Last Minutes Defensive
Center Left Wing Right Wing Defense Defense
Lucas Wallmark Nicolas Kerdiles Mark McNeill Josh Morrissey T.J Brodie
Goaltenders
Starting : Felix Sanstrom
Backup : Tristan Jarry
Extra Forwards
Normal : Lucas Wallmark, Kasper Bjorkqvist, Freddie Hamilton - PP : Hunter Shinkaruk, Kasper Bjorkqvist - PK : Freddie Hamilton
Extra Defensemen
Normal : Mattias Backman, Christian Djoos, Trevor Van Riemsdyk - PP : Mattias Backman - PK : Mattias Backman, Trevor Van Riemsdyk
Penalty Shots
Anton Gustafsson, Nicolas Kerdiles, Blake Geoffrion, Nicolas Deslauriers, Mark McNeill
Scratches
Adam Almquist (Healthy), Alexandre Mallet (Healthy), Brett Connolly (Healthy), Carl Dahlstrom (Fractured Metatarsal (Right Foot) Injury), Filip Chlapik (Healthy)
Mark MacMillan (Healthy), Ryan Olsen (Healthy), Sergei Zborovskiy (Healthy), Stanislav Galiev (Healthy), Troy Bourke (Healthy)
Carsen Twarynski (Healthy), Libor Hajek (Healthy), Linus Ullmark (Healthy)
Senators
5 vs 5 Forward
Center Left Wing Right Wing Time % Phy DF OF
1 Christoph Bertschy Zachary Sanford Tomas Jurco 30 1 2 2
2 Jordan Schroeder Zemgus Girgensons Oliver Bjorkstrand 30 1 2 2
3 Kevin Rooney A.J. Jenks Grant Besse 30 1 2 2
4 Chandler Stephenson Vitaly Abramov Tomas Jurco 10 1 2 2
5 vs 5 Defense
Defense Defense Time % Phy DF OF
1 Dmitry Sinitsyn Keegan Lowe 30 0 2 3
2 Dylan Blujus Jack Dougherty 30 0 2 3
3 Gustav Forsling Adam Ollas-Mattsson 20 2 2 1
4 Mason Geertsen Jonas Siegenthaler 20 2 2 1
PowerPlay Forward
Center Left Wing Right Wing Time % Phy DF OF
1 Christoph Bertschy Zachary Sanford Tomas Jurco 55 0 2 3
2 Jordan Schroeder Zemgus Girgensons Oliver Bjorkstrand 45 0 2 3
PowerPlay Defense
Defense Defense Time % Phy DF OF
1 Dmitry Sinitsyn Keegan Lowe 55 0 2 3
2 Dylan Blujus Jonas Siegenthaler 45 1 2 2
Penalty Kill 4 Players Forward
Center Wing Time % Phy DF OF
1 Christoph Bertschy Zachary Sanford 60 1 2 2
2 Jordan Schroeder Zemgus Girgensons 40 1 2 2
Penalty Kill 4 Players Defense
Defense Defense Time % Phy DF OF
1 Dmitry Sinitsyn Keegan Lowe 60 1 2 2
2 Dylan Blujus Jonas Siegenthaler 40 1 2 2
Penalty Kill - 3 Players Forward
Forward Time % Phy DF OF
1 Christoph Bertschy 60 1 2 2
2 Jordan Schroeder 40 1 2 2
Penalty Kill - 3 Players Defense
Defense Defense Time % Phy DF OF
1 Dmitry Sinitsyn Keegan Lowe 60 1 2 2
2 Dylan Blujus Jonas Siegenthaler 40 1 2 2
4 vs 4 Forward
Center Wing Time % Phy DF OF
1 Christoph Bertschy Zachary Sanford 55 1 2 2
2 Jordan Schroeder Zemgus Girgensons 45 1 2 2
4 vs 4 Defense
Defense Defense Time % Phy DF OF
1 Dmitry Sinitsyn Keegan Lowe 55 2 2 1
2 Dylan Blujus Jonas Siegenthaler 45 1 2 2
Last Minutes Offensive
Center Left Wing Right Wing Defense Defense
Christoph Bertschy Zachary Sanford Tomas Jurco Dmitry Sinitsyn Keegan Lowe
Last Minutes Defensive
Center Left Wing Right Wing Defense Defense
A.J. Jenks Kevin Rooney Tomas Jurco Adam Ollas-Mattsson Keegan Lowe
Goaltenders
Starting : Sami Aittokallio
Backup : Scott Wedgewood
Extra Forwards
Normal : A.J. Jenks, Christoph Bertschy, Jordan Schroeder - PP : A.J. Jenks, Christoph Bertschy - PK : A.J. Jenks
Extra Defensemen
Normal : Adam Ollas-Mattsson, Mason Geertsen, Gustav Forsling - PP : Adam Ollas-Mattsson - PK : Adam Ollas-Mattsson, Mason Geertsen
Penalty Shots
Tomas Jurco, Oliver Bjorkstrand, Zachary Sanford, Zemgus Girgensons, A.J. Jenks
Scratches
Joonas Lyytinen (Sports Hernia Injury), Scott Harrington (Suspend), Warren Foegele (Healthy), William Bitten (Healthy), Cliff Pu (Healthy)
Keven Bouchard (Healthy)
% Time on Ice - Admirals
Lines # - Real PCT - Wanted PCT - Time Play
Normal Forward
1 - 36% - 40% - 15:46
2 - 27% - 30% - 11:57
3 - 23% - 20% - 9:58
4 - 15% - 10% - 6:27
Normal Defense
1 - 42% - 40% - 18:40
2 - 29% - 30% - 12:35
3 - 20% - 20% - 8:50
4 - 9% - 10% - 4:03
PP Forward
1 - 54% - 60% - 3:13
2 - 46% - 40% - 2:44
PP Defense
1 - 68% - 60% - 4:02
2 - 32% - 40% - 1:55
PK Forward
1 - 72% - 60% - 7:07
2 - 28% - 40% - 2:48
PK Defense
1 - 67% - 60% - 6:38
2 - 33% - 40% - 3:17
PK3 Forward
1 - 0% - 60%
2 - 0% - 40%
PK3 Defense
1 - 0% - 60%
2 - 0% - 40%
44 Forward
1 - 0% - 60%
2 - 0% - 40%
44 Defense
1 - 0% - 60%
2 - 0% - 40%
Last Minute Offensive - 0:00
Last Minute Defensive - 0:00
Total
Forward - 60:00
Defense - 60:00
|
% Time on Ice - Senators
Lines # - Real PCT - Wanted PCT - Time Play
Normal Forward
1 - 29% - 30% - 12:51
2 - 29% - 30% - 12:38
3 - 30% - 30% - 13:08
4 - 13% - 10% - 5:31
Normal Defense
1 - 31% - 30% - 13:47
2 - 32% - 30% - 14:04
3 - 17% - 20% - 7:43
4 - 19% - 20% - 8:34
PP Forward
1 - 55% - 55% - 5:25
2 - 45% - 45% - 4:30
PP Defense
1 - 51% - 55% - 5:06
2 - 49% - 45% - 4:49
PK Forward
1 - 84% - 60% - 4:59
2 - 16% - 40% - 0:58
PK Defense
1 - 61% - 60% - 3:36
2 - 39% - 40% - 2:21
PK3 Forward
1 - 0% - 60%
2 - 0% - 40%
PK3 Defense
1 - 0% - 60%
2 - 0% - 40%
44 Forward
1 - 0% - 55%
2 - 0% - 45%
44 Defense
1 - 0% - 55%
2 - 0% - 45%
Last Minute Offensive - 0:00
Last Minute Defensive - 0:00
Total
Forward - 60:00
Defense - 60:00
|
Play-by-Play
1st period
0:01 of 1st period - Christoph Bertschy wins face-off versus Markus Granlund in neutral zone.
0:22 of 1st period - Minor Penalty to Joel Armia for Tripping.
0:23 of 1st period - Markus Granlund wins face-off versus Christoph Bertschy in Admirals zone.
0:23 of 1st period - Markus Granlund is hit by Tomas Jurco.
1:37 of 1st period - Nicolas Deslauriers is hit by Jordan Schroeder and loses puck.
2:20 of 1st period - Andreas Englund is hit by Dylan Blujus and loses puck.
2:22 of 1st period - Penalty to Joel Armia is over, Joel Armia is back on ice.
2:35 of 1st period - Slapshot by Kasper Bjorkqvist.
2:35 of 1st period - Shot Blocked by Jonas Siegenthaler.
3:24 of 1st period - Snap shot by Nicolas Deslauriers.
3:24 of 1st period - Stopped by Sami Aittokallio with a rebound.
3:26 of 1st period - Wrist shot by Riley Barber.
3:26 of 1st period - Shot Misses the Net.
4:23 of 1st period - Slapshot by Blake Geoffrion.
4:23 of 1st period - Goal by Blake Geoffrion - Admirals : 1 - Senators : 0.
4:24 of 1st period - Markus Granlund wins face-off versus Oliver Bjorkstrand in neutral zone.
4:54 of 1st period - Off-side.
4:55 of 1st period - Anton Gustafsson wins face-off versus Christoph Bertschy in neutral zone.
5:29 of 1st period - Slapshot by Nicolas Kerdiles.
5:29 of 1st period - Goal by Nicolas Kerdiles - Admirals : 2 - Senators : 0.
5:30 of 1st period - Jordan Schroeder wins face-off versus Markus Granlund in neutral zone.
6:23 of 1st period - Wrist shot by A.J. Jenks.
6:23 of 1st period - Deflect By Grant Besse.
6:23 of 1st period - Stopped by Felix Sanstrom without a rebound.
6:24 of 1st period - Markus Granlund wins face-off versus Christoph Bertschy in Admirals zone.
6:33 of 1st period - Wrist shot by Christoph Bertschy.
6:33 of 1st period - Shot Blocked by Travis Dermott.
6:35 of 1st period - Slapshot by Zachary Sanford.
6:35 of 1st period - Stopped by Felix Sanstrom without a rebound.
6:36 of 1st period - Markus Granlund wins face-off versus Jordan Schroeder in Admirals zone.
6:36 of 1st period - Markus Granlund is hit by Oliver Bjorkstrand.
6:42 of 1st period - Oliver Bjorkstrand is hit by Joel Armia and loses puck.
7:13 of 1st period - Icing by Keegan Lowe.
7:14 of 1st period - Markus Granlund wins face-off versus Christoph Bertschy in Senators zone.
7:21 of 1st period - Snap shot by Markus Granlund.
7:21 of 1st period - Shot Misses the Net.
7:27 of 1st period - Nicolas Kerdiles is hit by Tomas Jurco and loses puck.
7:32 of 1st period - Slapshot by Tomas Jurco.
7:32 of 1st period - Shot Blocked by Markus Granlund.
7:34 of 1st period - Snap shot by Zachary Sanford.
7:34 of 1st period - Shot Blocked by Christian Djoos.
7:38 of 1st period - Wrist shot by Zachary Sanford.
7:38 of 1st period - Shot Misses the Net.
7:40 of 1st period - Wrist shot by Tomas Jurco.
7:40 of 1st period - Shot Misses the Net.
7:42 of 1st period - Snap shot by Dmitry Sinitsyn.
7:42 of 1st period - Deflect By Nicolas Kerdiles.
7:42 of 1st period - Stopped by Felix Sanstrom with a rebound.
7:44 of 1st period - Wrist shot by Christoph Bertschy.
7:44 of 1st period - Shot Misses the Net.
7:52 of 1st period - Snap shot by Tomas Jurco.
7:52 of 1st period - Deflect By Christoph Bertschy.
7:52 of 1st period - Stopped by Felix Sanstrom with a rebound.
7:56 of 1st period - Slapshot by Zachary Sanford.
7:56 of 1st period - Shot Misses the Net.
7:58 of 1st period - Wrist shot by Christoph Bertschy.
7:58 of 1st period - Shot Blocked by Christian Djoos.
8:00 of 1st period - Snap shot by Zachary Sanford.
8:00 of 1st period - Stopped by Felix Sanstrom without a rebound.
8:01 of 1st period - Jordan Schroeder wins face-off versus Anton Gustafsson in Admirals zone.
8:10 of 1st period - Snap shot by Anton Gustafsson.
8:10 of 1st period - Shot Blocked by Zemgus Girgensons.
8:12 of 1st period - Wrist shot by Josh Morrissey.
8:12 of 1st period - Shot Blocked by Jordan Schroeder.
8:14 of 1st period - Snap shot by Blake Geoffrion.
8:14 of 1st period - Goal by Blake Geoffrion - Admirals : 3 - Senators : 0.
8:15 of 1st period - Lucas Wallmark wins face-off versus A.J. Jenks in neutral zone.
8:40 of 1st period - Jordan Schroeder is hit by T.J Brodie and loses puck.
9:02 of 1st period - Slapshot by Markus Granlund.
9:02 of 1st period - Deflect By Joel Armia.
9:02 of 1st period - Stopped by Sami Aittokallio with a rebound.
9:10 of 1st period - Snap shot by Markus Granlund.
9:10 of 1st period - Shot Misses the Net.
9:12 of 1st period - Snap shot by Joel Armia.
9:12 of 1st period - Stopped by Sami Aittokallio with a rebound.
9:50 of 1st period - Slapshot by A.J. Jenks.
9:50 of 1st period - Shot Misses the Net.
10:41 of 1st period - Slapshot by Hunter Shinkaruk.
10:41 of 1st period - Shot Misses the Net.
10:43 of 1st period - Snap shot by Kasper Bjorkqvist.
10:43 of 1st period - Stopped by Sami Aittokallio without a rebound.
10:44 of 1st period - Jordan Schroeder wins face-off versus Mark McNeill in Senators zone.
11:11 of 1st period - Markus Granlund is hit by A.J. Jenks and loses puck.
11:36 of 1st period - Snap shot by Zachary Sanford.
11:36 of 1st period - Deflect By Tomas Jurco.
11:36 of 1st period - Stopped by Felix Sanstrom with a rebound.
11:38 of 1st period - Snap shot by Tomas Jurco.
11:38 of 1st period - Stopped by Felix Sanstrom without a rebound.
11:39 of 1st period - Markus Granlund wins face-off versus Jordan Schroeder in Admirals zone.
11:39 of 1st period - Markus Granlund is hit by Zemgus Girgensons.
11:45 of 1st period - Zemgus Girgensons is hit by Joel Armia and loses puck.
11:54 of 1st period - Slapshot by Nicolas Kerdiles.
11:54 of 1st period - Goal by Nicolas Kerdiles - Admirals : 4 - Senators : 0.
11:54 of 1st period - Scott Wedgewood enters game.
11:55 of 1st period - Anton Gustafsson wins face-off versus Kevin Rooney in neutral zone.
12:00 of 1st period - Icing by Jonas Siegenthaler.
12:01 of 1st period - Kevin Rooney wins face-off versus Anton Gustafsson in Senators zone.
12:56 of 1st period - Wrist shot by Freddie Hamilton.
12:56 of 1st period - Stopped by Scott Wedgewood without a rebound.
12:57 of 1st period - Anton Gustafsson wins face-off versus Zachary Sanford in Senators zone.
13:57 of 1st period - Wrist shot by Joel Armia.
13:57 of 1st period - Shot Misses the Net.
14:08 of 1st period - Minor Penalty to Travis Dermott for Tripping.
14:09 of 1st period - Markus Granlund wins face-off versus Christoph Bertschy in Admirals zone.
14:17 of 1st period - T.J Brodie is hit by Tomas Jurco.
14:23 of 1st period - Snap shot by Zachary Sanford.
14:23 of 1st period - Shot Misses the Net.
14:25 of 1st period - Snap shot by Christoph Bertschy.
14:25 of 1st period - Shot Blocked by Nicolas Kerdiles.
14:45 of 1st period - Wrist shot by Oliver Bjorkstrand.
14:45 of 1st period - Stopped by Felix Sanstrom with a rebound.
15:25 of 1st period - Icing by Jonas Siegenthaler.
15:26 of 1st period - Jordan Schroeder wins face-off versus Nicolas Deslauriers in Senators zone.
16:08 of 1st period - Penalty to Travis Dermott is over, Travis Dermott is back on ice.
16:17 of 1st period - Snap shot by Hunter Shinkaruk.
16:17 of 1st period - Shot Misses the Net.
16:19 of 1st period - Wrist shot by Hunter Shinkaruk.
16:19 of 1st period - Stopped by Scott Wedgewood with a rebound.
16:21 of 1st period - Snap shot by Lucas Wallmark.
16:21 of 1st period - Shot Misses the Net.
16:57 of 1st period - Nicolas Deslauriers is hit by Zemgus Girgensons and loses puck.
17:10 of 1st period - Trevor Van Riemsdyk is hit by Adam Ollas-Mattsson and loses puck.
17:21 of 1st period - Snap shot by Joel Armia.
17:21 of 1st period - Shot Blocked by Zachary Sanford.
17:23 of 1st period - Snap shot by Nicolas Kerdiles.
17:23 of 1st period - Shot Blocked by Tomas Jurco.
17:25 of 1st period - Wrist shot by Markus Granlund.
17:25 of 1st period - Stopped by Scott Wedgewood with a rebound.
17:50 of 1st period - Off-side.
17:51 of 1st period - Freddie Hamilton wins face-off versus Chandler Stephenson in neutral zone.
18:16 of 1st period - Keegan Lowe is hit by Nicolas Kerdiles and loses puck.
19:19 of 1st period - Minor Penalty to Mattias Backman for Boarding.
19:20 of 1st period - Tomas Jurco wins face-off versus Nicolas Kerdiles in Admirals zone.
Goals for this period are 4 for Admirals vs 0 for Senators.
Shots for this period are 11 for Admirals vs 8 for Senators.
2nd period
0:01 of 2nd period - Markus Granlund wins face-off versus Christoph Bertschy in neutral zone.
0:06 of 2nd period - Slapshot by Josh Morrissey.
0:06 of 2nd period - Stopped by Scott Wedgewood without a rebound.
0:07 of 2nd period - Christoph Bertschy wins face-off versus Markus Granlund in Senators zone.
1:19 of 2nd period - Penalty to Mattias Backman is over, Mattias Backman is back on ice.
1:22 of 2nd period - Snap shot by Kevin Rooney.
1:22 of 2nd period - Shot Blocked by Andreas Englund.
1:38 of 2nd period - Slapshot by Nicolas Deslauriers.
1:38 of 2nd period - Shot Misses the Net.
1:50 of 2nd period - Slapshot by Mark McNeill.
1:50 of 2nd period - Shot Blocked by Dylan Blujus.
2:02 of 2nd period - Wrist shot by Nicolas Deslauriers.
2:02 of 2nd period - Shot Misses the Net.
2:04 of 2nd period - Slapshot by Andreas Englund.
2:04 of 2nd period - Shot Blocked by Jonas Siegenthaler.
2:06 of 2nd period - Slapshot by Andreas Englund.
2:06 of 2nd period - Shot Misses the Net.
2:08 of 2nd period - Snap shot by Mark McNeill.
2:08 of 2nd period - Shot Misses the Net.
2:10 of 2nd period - Snap shot by Mattias Backman.
2:10 of 2nd period - Shot Misses the Net.
2:12 of 2nd period - Snap shot by Andreas Englund.
2:12 of 2nd period - Stopped by Scott Wedgewood without a rebound.
2:13 of 2nd period - Nicolas Kerdiles wins face-off versus Christoph Bertschy in Senators zone.
2:22 of 2nd period - Wrist shot by Nicolas Kerdiles.
2:22 of 2nd period - Stopped by Scott Wedgewood without a rebound.
2:23 of 2nd period - Christoph Bertschy wins face-off versus Markus Granlund in Senators zone.
3:00 of 2nd period - Wrist shot by Christoph Bertschy.
3:00 of 2nd period - Stopped by Felix Sanstrom without a rebound.
3:01 of 2nd period - Jordan Schroeder wins face-off versus Lucas Wallmark in Admirals zone.
3:02 of 2nd period - Snap shot by Oliver Bjorkstrand.
3:02 of 2nd period - Goal by Oliver Bjorkstrand - Admirals : 4 - Senators : 1.
3:03 of 2nd period - Jordan Schroeder wins face-off versus Markus Granlund in neutral zone.
3:08 of 2nd period - Wrist shot by Jordan Schroeder.
3:08 of 2nd period - Stopped by Felix Sanstrom with a rebound.
3:29 of 2nd period - Travis Dermott is hit by Zachary Sanford and loses puck.
3:51 of 2nd period - Slapshot by T.J Brodie.
3:51 of 2nd period - Stopped by Scott Wedgewood with a rebound.
3:55 of 2nd period - Snap shot by Riley Barber.
3:55 of 2nd period - Stopped by Scott Wedgewood with a rebound.
3:57 of 2nd period - Slapshot by Freddie Hamilton.
3:57 of 2nd period - Goal by Freddie Hamilton - Admirals : 5 - Senators : 1.
3:58 of 2nd period - Jordan Schroeder wins face-off versus Markus Granlund in neutral zone.
4:03 of 2nd period - Snap shot by Zemgus Girgensons.
4:03 of 2nd period - Stopped by Felix Sanstrom with a rebound.
4:23 of 2nd period - Travis Dermott is hit by A.J. Jenks and loses puck.
4:24 of 2nd period - Travis Dermott from Admirals is injured at 4:24 of 2nd period (Torn Left Knee Ligaments).
4:25 of 2nd period - Jordan Schroeder wins face-off versus Markus Granlund in Admirals zone.
4:46 of 2nd period - Minor Penalty to Josh Morrissey for Hooking.
4:47 of 2nd period - Markus Granlund wins face-off versus Zachary Sanford in Admirals zone.
5:12 of 2nd period - Mattias Backman is hit by Jordan Schroeder and loses puck.
6:26 of 2nd period - Icing by Zemgus Girgensons.
6:27 of 2nd period - Mark McNeill wins face-off versus Jordan Schroeder in Senators zone.
6:28 of 2nd period - Snap shot by Nicolas Deslauriers.
6:28 of 2nd period - Stopped by Scott Wedgewood with a rebound.
6:46 of 2nd period - Penalty to Josh Morrissey is over, Josh Morrissey is back on ice.
6:46 of 2nd period - Mattias Backman is hit by Christoph Bertschy and loses puck.
7:06 of 2nd period - Minor Penalty to Adam Ollas-Mattsson for Hooking.
7:07 of 2nd period - Christoph Bertschy wins face-off versus Markus Granlund in Senators zone.
7:15 of 2nd period - Wrist shot by Zachary Sanford.
7:15 of 2nd period - Shot Misses the Net.
8:03 of 2nd period - Zemgus Girgensons is hit by T.J Brodie and loses puck.
8:42 of 2nd period - Josh Morrissey is hit by Dmitry Sinitsyn and loses puck.
8:55 of 2nd period - Dmitry Sinitsyn is hit by Markus Granlund and loses puck.
9:06 of 2nd period - Penalty to Adam Ollas-Mattsson is over, Adam Ollas-Mattsson is back on ice.
9:16 of 2nd period - Snap shot by Zemgus Girgensons.
9:16 of 2nd period - Stopped by Felix Sanstrom without a rebound.
9:17 of 2nd period - Freddie Hamilton wins face-off versus Chandler Stephenson in Admirals zone.
9:42 of 2nd period - Hunter Shinkaruk is hit by Dylan Blujus and loses puck.
9:57 of 2nd period - Minor Penalty to Grant Besse for High sticking.
9:58 of 2nd period - Christoph Bertschy wins face-off versus Markus Granlund in Senators zone.
10:23 of 2nd period - Keegan Lowe is hit by Anton Gustafsson and loses puck.
10:28 of 2nd period - Wrist shot by Blake Geoffrion.
10:28 of 2nd period - Stopped by Scott Wedgewood without a rebound.
10:29 of 2nd period - Christoph Bertschy wins face-off versus Anton Gustafsson in Senators zone.
10:46 of 2nd period - T.J Brodie is hit by Zemgus Girgensons and loses puck.
11:12 of 2nd period - Off-side.
11:13 of 2nd period - Markus Granlund wins face-off versus A.J. Jenks in neutral zone.
11:20 of 2nd period - Wrist shot by Nicolas Kerdiles.
11:20 of 2nd period - Shot Blocked by Dmitry Sinitsyn.
11:46 of 2nd period - Snap shot by Blake Geoffrion.
11:46 of 2nd period - Stopped by Scott Wedgewood without a rebound.
11:47 of 2nd period - Christoph Bertschy wins face-off versus Markus Granlund in Senators zone.
11:57 of 2nd period - Penalty to Grant Besse is over, Grant Besse is back on ice.
13:00 of 2nd period - Slapshot by Markus Granlund.
13:00 of 2nd period - Deflect By A.J. Jenks.
13:00 of 2nd period - Goal by Markus Granlund - Admirals : 6 - Senators : 1.
13:01 of 2nd period - Christoph Bertschy wins face-off versus Markus Granlund in neutral zone.
13:06 of 2nd period - Wrist shot by Christoph Bertschy.
13:06 of 2nd period - Stopped by Felix Sanstrom without a rebound.
13:07 of 2nd period - Markus Granlund wins face-off versus Christoph Bertschy in Admirals zone.
13:24 of 2nd period - Josh Morrissey beats up Tomas Jurco.
13:24 of 2nd period - Penalty to Tomas Jurco for Fighting.
13:24 of 2nd period - Penalty to Josh Morrissey for Fighting.
13:25 of 2nd period - Jordan Schroeder wins face-off versus Markus Granlund in Admirals zone.
13:30 of 2nd period - Wrist shot by Jordan Schroeder.
13:30 of 2nd period - Goal by Jordan Schroeder - Admirals : 6 - Senators : 2.
13:31 of 2nd period - Jordan Schroeder wins face-off versus Markus Granlund in neutral zone.
13:36 of 2nd period - Snap shot by Jordan Schroeder.
13:36 of 2nd period - Shot Blocked by Mattias Backman.
13:53 of 2nd period - Icing by Oliver Bjorkstrand.
13:54 of 2nd period - Anton Gustafsson wins face-off versus Christoph Bertschy in Senators zone.
14:05 of 2nd period - Snap shot by Zachary Sanford.
14:05 of 2nd period - Shot Blocked by Christian Djoos.
14:07 of 2nd period - Wrist shot by Christoph Bertschy.
14:07 of 2nd period - Stopped by Felix Sanstrom with a rebound.
14:27 of 2nd period - Snap shot by Anton Gustafsson.
14:27 of 2nd period - Shot Misses the Net.
14:29 of 2nd period - Slapshot by Mattias Backman.
14:29 of 2nd period - Stopped by Scott Wedgewood without a rebound.
14:30 of 2nd period - Markus Granlund wins face-off versus Kevin Rooney in Senators zone.
15:42 of 2nd period - Wrist shot by Christoph Bertschy.
15:42 of 2nd period - Shot Misses the Net.
15:52 of 2nd period - Dylan Blujus is hit by Markus Granlund and loses puck.
16:03 of 2nd period - Snap shot by Nicolas Kerdiles.
16:03 of 2nd period - Stopped by Scott Wedgewood with a rebound.
16:05 of 2nd period - Snap shot by Nicolas Kerdiles.
16:05 of 2nd period - Goal by Nicolas Kerdiles - Admirals : 7 - Senators : 2.
16:06 of 2nd period - Markus Granlund wins face-off versus Jordan Schroeder in neutral zone.
16:09 of 2nd period - Jordan Schroeder is hit by Markus Granlund.
16:31 of 2nd period - Anton Gustafsson is hit by Gustav Forsling and loses puck.
17:02 of 2nd period - Andreas Englund is hit by Keegan Lowe and loses puck.
17:21 of 2nd period - Slapshot by Keegan Lowe.
17:21 of 2nd period - Deflect By Nicolas Kerdiles.
17:21 of 2nd period - Stopped by Felix Sanstrom with a rebound.
17:23 of 2nd period - Snap shot by Kevin Rooney.
17:23 of 2nd period - Shot Misses the Net.
19:03 of 2nd period - Gustav Forsling is hit by Mattias Backman and loses puck.
19:24 of 2nd period - Freddie Hamilton is hit by Gustav Forsling and loses puck.
19:35 of 2nd period - Grant Besse is hit by Joel Armia and loses puck.
19:52 of 2nd period - Wrist shot by Kasper Bjorkqvist.
19:52 of 2nd period - Shot Blocked by Chandler Stephenson.
19:54 of 2nd period - Slapshot by T.J Brodie.
19:54 of 2nd period - Deflect By Hunter Shinkaruk.
19:54 of 2nd period - Shot Misses the Net.
19:54 of 2nd period - Puck is out of play.
19:55 of 2nd period - Chandler Stephenson wins face-off versus Kasper Bjorkqvist in Senators zone.
Goals for this period are 3 for Admirals vs 2 for Senators.
Shots for this period are 13 for Admirals vs 9 for Senators.
3rd period
0:01 of 3rd period - Tomas Jurco wins face-off versus Markus Granlund in neutral zone.
0:04 of 3rd period - Slapshot by Jack Dougherty.
0:04 of 3rd period - Shot Blocked by Mattias Backman.
0:08 of 3rd period - Wrist shot by Zachary Sanford.
0:08 of 3rd period - Shot Misses the Net.
0:10 of 3rd period - Wrist shot by Zachary Sanford.
0:10 of 3rd period - Deflect By Christoph Bertschy.
0:10 of 3rd period - Shot Misses the Net.
0:10 of 3rd period - Puck is out of play.
0:11 of 3rd period - A.J. Jenks wins face-off versus Markus Granlund in Admirals zone.
0:14 of 3rd period - Slapshot by Kevin Rooney.
0:14 of 3rd period - Stopped by Felix Sanstrom without a rebound.
0:15 of 3rd period - Markus Granlund wins face-off versus Kevin Rooney in Admirals zone.
0:26 of 3rd period - Wrist shot by Markus Granlund.
0:26 of 3rd period - Shot Misses the Net.
0:28 of 3rd period - Snap shot by Markus Granlund.
0:28 of 3rd period - Stopped by Scott Wedgewood without a rebound.
0:29 of 3rd period - Nicolas Kerdiles wins face-off versus Jordan Schroeder in Senators zone.
0:30 of 3rd period - Snap shot by Markus Granlund.
0:30 of 3rd period - Stopped by Scott Wedgewood with a rebound.
1:21 of 3rd period - Hunter Shinkaruk is hit by Adam Ollas-Mattsson and loses puck.
2:21 of 3rd period - T.J Brodie is hit by Grant Besse and loses puck.
2:56 of 3rd period - Slapshot by Nicolas Deslauriers.
2:56 of 3rd period - Shot Misses the Net.
2:58 of 3rd period - Snap shot by Freddie Hamilton.
2:58 of 3rd period - Stopped by Scott Wedgewood with a rebound.
3:28 of 3rd period - Dylan Blujus is hit by Mark McNeill and loses puck.
3:45 of 3rd period - Jonas Siegenthaler is hit by Lucas Wallmark and loses puck.
3:58 of 3rd period - Snap shot by Mattias Backman.
3:58 of 3rd period - Deflect By Zemgus Girgensons.
3:58 of 3rd period - Stopped by Scott Wedgewood without a rebound.
3:59 of 3rd period - Jordan Schroeder wins face-off versus Freddie Hamilton in Senators zone.
4:14 of 3rd period - Slapshot by T.J Brodie.
4:14 of 3rd period - Stopped by Scott Wedgewood with a rebound.
4:33 of 3rd period - Slapshot by Christoph Bertschy.
4:33 of 3rd period - Stopped by Felix Sanstrom without a rebound.
4:34 of 3rd period - Kevin Rooney wins face-off versus Anton Gustafsson in Admirals zone.
4:35 of 3rd period - Slapshot by A.J. Jenks.
4:35 of 3rd period - Stopped by Felix Sanstrom with a rebound.
4:49 of 3rd period - Snap shot by Anton Gustafsson.
4:49 of 3rd period - Stopped by Scott Wedgewood without a rebound.
4:50 of 3rd period - Markus Granlund wins face-off versus Christoph Bertschy in Senators zone.
5:06 of 3rd period - Minor Penalty to Nicolas Kerdiles for Kneeing.
5:07 of 3rd period - Markus Granlund wins face-off versus Christoph Bertschy in Admirals zone.
5:17 of 3rd period - Keegan Lowe is hit by Josh Morrissey and loses puck.
5:44 of 3rd period - Wrist shot by Oliver Bjorkstrand.
5:44 of 3rd period - Shot Blocked by Josh Morrissey.
6:23 of 3rd period - Hunter Shinkaruk is hit by Tomas Jurco and loses puck.
6:30 of 3rd period - Zachary Sanford is hit by Anton Gustafsson and loses puck.
7:06 of 3rd period - Penalty to Nicolas Kerdiles is over, Nicolas Kerdiles is back on ice.
7:13 of 3rd period - Slapshot by Kasper Bjorkqvist.
7:13 of 3rd period - Stopped by Scott Wedgewood with a rebound.
7:15 of 3rd period - Backhand shot by Josh Morrissey.
7:15 of 3rd period - Deflect By Hunter Shinkaruk.
7:15 of 3rd period - Stopped by Scott Wedgewood without a rebound.
7:16 of 3rd period - Kevin Rooney wins face-off versus Lucas Wallmark in Senators zone.
8:21 of 3rd period - Jack Dougherty is hit by Blake Geoffrion and loses puck.
8:33 of 3rd period - Off-side.
8:34 of 3rd period - Kevin Rooney wins face-off versus Lucas Wallmark in neutral zone.
8:36 of 3rd period - Off-side.
8:37 of 3rd period - Kevin Rooney wins face-off versus Lucas Wallmark in neutral zone.
8:52 of 3rd period - Wrist shot by Hunter Shinkaruk.
8:52 of 3rd period - Stopped by Scott Wedgewood with a rebound.
8:54 of 3rd period - Slapshot by Mattias Backman.
8:54 of 3rd period - Stopped by Scott Wedgewood with a rebound.
8:56 of 3rd period - Snap shot by Lucas Wallmark.
8:56 of 3rd period - Goal by Lucas Wallmark - Admirals : 8 - Senators : 2.
8:57 of 3rd period - Markus Granlund wins face-off versus Jordan Schroeder in neutral zone.
9:05 of 3rd period - Off-side.
9:06 of 3rd period - Jordan Schroeder wins face-off versus Joel Armia in neutral zone.
9:17 of 3rd period - Wrist shot by Oliver Bjorkstrand.
9:17 of 3rd period - Shot Misses the Net.
9:23 of 3rd period - Snap shot by Zemgus Girgensons.
9:23 of 3rd period - Goal by Zemgus Girgensons - Admirals : 8 - Senators : 3.
9:24 of 3rd period - Markus Granlund wins face-off versus Christoph Bertschy in neutral zone.
9:26 of 3rd period - Off-side.
9:27 of 3rd period - Markus Granlund wins face-off versus Christoph Bertschy in neutral zone.
9:40 of 3rd period - Snap shot by Markus Granlund.
9:40 of 3rd period - Shot Misses the Net.
9:42 of 3rd period - Wrist shot by Nicolas Kerdiles.
9:42 of 3rd period - Deflect By Joel Armia.
9:42 of 3rd period - Shot Misses the Net.
9:42 of 3rd period - Puck is out of play.
9:43 of 3rd period - Blake Geoffrion wins face-off versus Jordan Schroeder in Senators zone.
9:49 of 3rd period - Minor Penalty to Jack Dougherty for Diving.
9:50 of 3rd period - Christoph Bertschy wins face-off versus Nicolas Kerdiles in Senators zone.
10:16 of 3rd period - Zachary Sanford is hit by Blake Geoffrion and loses puck.
11:48 of 3rd period - A.J. Jenks is hit by Mark McNeill and loses puck.
11:49 of 3rd period - Penalty to Jack Dougherty is over, Jack Dougherty is back on ice.
12:39 of 3rd period - Wrist shot by Riley Barber.
12:39 of 3rd period - Shot Blocked by Adam Ollas-Mattsson.
13:01 of 3rd period - Wrist shot by A.J. Jenks.
13:01 of 3rd period - Shot Blocked by Mattias Backman.
13:05 of 3rd period - Wrist shot by Kevin Rooney.
13:05 of 3rd period - Shot Blocked by Mattias Backman.
13:34 of 3rd period - Icing by Jordan Schroeder.
13:35 of 3rd period - Kevin Rooney wins face-off versus Markus Granlund in Senators zone.
13:42 of 3rd period - Snap shot by A.J. Jenks.
13:42 of 3rd period - Stopped by Felix Sanstrom with a rebound.
13:44 of 3rd period - Wrist shot by Keegan Lowe.
13:44 of 3rd period - Stopped by Felix Sanstrom with a rebound.
13:46 of 3rd period - Slapshot by Dmitry Sinitsyn.
13:46 of 3rd period - Stopped by Felix Sanstrom with a rebound.
14:32 of 3rd period - Wrist shot by Jordan Schroeder.
14:32 of 3rd period - Shot Blocked by Mattias Backman.
14:34 of 3rd period - Wrist shot by Jack Dougherty.
14:34 of 3rd period - Stopped by Felix Sanstrom without a rebound.
14:35 of 3rd period - Christoph Bertschy wins face-off versus Markus Granlund in Admirals zone.
14:38 of 3rd period - Snap shot by Zachary Sanford.
14:38 of 3rd period - Stopped by Felix Sanstrom with a rebound.
15:00 of 3rd period - Kevin Rooney is hit by Mark McNeill and loses puck.
15:18 of 3rd period - Off-side.
15:19 of 3rd period - Chandler Stephenson wins face-off versus Kasper Bjorkqvist in neutral zone.
15:24 of 3rd period - Wrist shot by Tomas Jurco.
15:24 of 3rd period - Stopped by Felix Sanstrom without a rebound.
15:25 of 3rd period - Kasper Bjorkqvist wins face-off versus Christoph Bertschy in Admirals zone.
15:41 of 3rd period - Snap shot by Tomas Jurco.
15:41 of 3rd period - Shot Misses the Net.
15:44 of 3rd period - Icing by Mattias Backman.
15:45 of 3rd period - Lucas Wallmark wins face-off versus Kevin Rooney in Admirals zone.
15:49 of 3rd period - Off-side.
15:50 of 3rd period - Markus Granlund wins face-off versus Kevin Rooney in neutral zone.
15:53 of 3rd period - Wrist shot by Nicolas Kerdiles.
15:53 of 3rd period - Stopped by Scott Wedgewood without a rebound.
15:54 of 3rd period - Nicolas Kerdiles wins face-off versus Kevin Rooney in Senators zone.
15:55 of 3rd period - Slapshot by Markus Granlund.
15:55 of 3rd period - Shot Blocked by Grant Besse.
16:07 of 3rd period - Slapshot by Markus Granlund.
16:07 of 3rd period - Shot Misses the Net.
16:23 of 3rd period - Slapshot by Blake Geoffrion.
16:23 of 3rd period - Stopped by Scott Wedgewood with a rebound.
16:25 of 3rd period - Slapshot by Josh Morrissey.
16:25 of 3rd period - Stopped by Scott Wedgewood without a rebound.
16:26 of 3rd period - Markus Granlund wins face-off versus Christoph Bertschy in Senators zone.
16:39 of 3rd period - Slapshot by Tomas Jurco.
16:39 of 3rd period - Stopped by Felix Sanstrom with a rebound.
16:41 of 3rd period - Slapshot by Keegan Lowe.
16:41 of 3rd period - Shot Misses the Net.
17:10 of 3rd period - Anton Gustafsson is hit by Dylan Blujus and loses puck.
17:44 of 3rd period - Wrist shot by Blake Geoffrion.
17:44 of 3rd period - Deflect By Mark McNeill.
17:44 of 3rd period - Stopped by Scott Wedgewood with a rebound.
17:58 of 3rd period - Slapshot by Anton Gustafsson.
17:58 of 3rd period - Shot Misses the Net.
18:00 of 3rd period - Snap shot by Mark McNeill.
18:00 of 3rd period - Deflect By A.J. Jenks.
18:00 of 3rd period - Shot Blocked by Kevin Rooney.
18:00 of 3rd period - Puck is out of play.
18:01 of 3rd period - Markus Granlund wins face-off versus Zachary Sanford in Senators zone.
18:16 of 3rd period - Wrist shot by Zachary Sanford.
18:16 of 3rd period - Stopped by Felix Sanstrom without a rebound.
18:17 of 3rd period - Jordan Schroeder wins face-off versus Lucas Wallmark in Admirals zone.
18:26 of 3rd period - Wrist shot by Oliver Bjorkstrand.
18:26 of 3rd period - Shot Misses the Net.
18:28 of 3rd period - Wrist shot by Oliver Bjorkstrand.
18:28 of 3rd period - Shot Blocked by Mattias Backman.
18:30 of 3rd period - Slapshot by Gustav Forsling.
18:30 of 3rd period - Stopped by Felix Sanstrom with a rebound.
18:32 of 3rd period - Snap shot by Adam Ollas-Mattsson.
18:32 of 3rd period - Deflect By Lucas Wallmark.
18:32 of 3rd period - Stopped by Felix Sanstrom without a rebound.
18:33 of 3rd period - Christoph Bertschy wins face-off versus Markus Granlund in Admirals zone.
18:34 of 3rd period - Snap shot by Zachary Sanford.
18:34 of 3rd period - Shot Misses the Net.
18:58 of 3rd period - Jonas Siegenthaler is hit by Freddie Hamilton and loses puck.
19:45 of 3rd period - Snap shot by Kevin Rooney.
19:45 of 3rd period - Shot Blocked by Christian Djoos.
19:47 of 3rd period - Wrist shot by Grant Besse.
19:47 of 3rd period - Shot Blocked by Kasper Bjorkqvist.
19:49 of 3rd period - Wrist shot by Grant Besse.
19:49 of 3rd period - Shot Misses the Net.
19:51 of 3rd period - Wrist shot by A.J. Jenks.
19:51 of 3rd period - Shot Misses the Net.
19:53 of 3rd period - Snap shot by A.J. Jenks.
19:53 of 3rd period - Deflect By Kevin Rooney.
19:53 of 3rd period - Stopped by Felix Sanstrom with a rebound.
19:55 of 3rd period - Wrist shot by A.J. Jenks.
19:55 of 3rd period - Shot Misses the Net.
Goals for this period are 1 for Admirals vs 1 for Senators.
Shots for this period are 15 for Admirals vs 15 for Senators.